 Dungeon Crawl Stone Soup version bcrawl-1.19.2-6-g6a88ae04c9 (webtiles) character file.

Game seed: 11954612990691954286

37 MisterOstroum the Sneak (level 3, 0/23 HPs)
             Began as a Vine Stalker Rogue on Dec 23, 2019.
             Succumbed to a worker ant's poison
             ... on level 2 of the Dungeon.
             The game lasted 00:00:45 (655 turns).

MisterOstroum the Sneak (Vine Stalker Rogue)         Turns: 655, Time: 00:00:46

Health: 0/23       AC:  3    Str: 13    XL:     3   Next: 39%
Magic:  5/5        EV: 11    Int: 11    God:
Gold:   57         SH:  0    Dex: 16    Spells: 2/2 levels left

rFire    . . .     SeeInvis .   a - +2 dagger
rCold    . . .     Gourm    .   (no shield)
rNeg     . . .     Faith    .   c - +0 robe
rPois    .         Spirit   .   (no helmet)
rElec    .         Reflect  .   d - +0 cloak
rCorr    .         Harm     .   (no gloves)
MR       .....                  (no boots)
Stlth    +++.......             (no amulet)
HPRegen  0.47/turn              (no ring)
MPRegen  0.09/turn              (no ring)

@: lethally poisoned (0 -> -9)
A: fangs 2, regeneration 1, no potion heal 3, rot immunity, strong jaws
a: no special abilities


You were on level 2 of the Dungeon.
You were not hungry.

You visited 1 branch of the dungeon, and saw 2 of its levels.

You collected 57 gold pieces.

Inventory:

Hand Weapons
 a - a +2 dagger (weapon)
 b - a +0 blowgun
Missiles
 h - 80 poisoned needles
 j - 347 stones (quivered)
Armour
 c - a +0 robe (worn)
 d - a +0 cloak (worn)
Wands
 f - a wand of flame (15)
 g - a wand of enslavement (15)
 q - a wand of scattershot (7)
Scrolls
 k - 3 scrolls of identify {unknown}
 l - a scroll of fear {unknown}
 m - a scroll of enchant armour {unknown}
 n - a scroll of remove curse {unknown}
 p - a scroll of teleportation {unknown}
Potions
 o - a potion of heal wounds {unknown}
Comestibles
 e - 5 rations {!d}
 i - 9 chunks of flesh


   Skills:
 + Level 3.3 Fighting
 - Level 1.7 Short Blades
 - Level 5.8 Stealth
 - Level 1.7 Evocations


You had 2 spell levels left.
You didn't know any spells.
Your spell library was empty.

Dungeon Overview and Level Annotations

Branches:
Dungeon (2/12)

Altars:


Innate Abilities, Weirdness & Mutations

You have extremely sharp teeth.
Your natural rate of healing is unusually fast.
Potions cannot restore your health.
You are immune to rotting.
Your bites deal extra damage.


Message History

You hit the hobgoblin.
You kill the hobgoblin!
No target in view!
No target in view!
No target in view!
No target in view!
No target in view!
No target in view!
No target in view!
No target in view!
No target in view!
No target in view!
No target in view!
No target in view!
No target in view!
Things that are here:
a +0 club; a +0 short sword; a kobold corpse You butcher the giant cockroach corpse.
i - 5 chunks of flesh (gained 1)
Things that are here:
a +0 club; a rat corpse; a hobgoblin corpse You butcher the rat corpse.
i - 6 chunks of flesh (gained 1)
You butcher the hobgoblin corpse.
i - 9 chunks of flesh (gained 3)
Things that are here:
a +0 club; a rat skeleton; a hobgoblin skeleton
Things that are here:
a +0 club; a rat skeleton; a hobgoblin skeleton A worker ant comes into view.
A worker ant is nearby!
The worker ant twitches its antennae in your direction.
The worker ant misses you.
You hit the worker ant but do no damage.
The worker ant barely misses you.
You hit the worker ant but do no damage.
The worker ant bites you.
You are poisoned.
The worker ant poisons you!
You barely miss the worker ant.
You feel sick. The worker ant bites you.
You hit the worker ant.
The worker ant is lightly wounded.
You feel sick. The worker ant closely misses you.
You hit the worker ant.
The worker ant is heavily wounded.
The worker ant bites you.
You barely miss the worker ant.
The worker ant is heavily wounded.
You feel sick. The worker ant bites you.
You are more poisoned.
The worker ant poisons you!
You are too injured to fight recklessly!
You are too injured to fight recklessly!
You are too injured to fight recklessly!
You are too injured to fight recklessly!
You are too injured to fight recklessly!
You are too injured to fight recklessly!
You are too injured to fight recklessly!
You are too injured to fight recklessly!
You are too injured to fight recklessly!
You are too injured to fight recklessly!
You are too injured to fight recklessly!
You are too injured to fight recklessly!
You are too injured to fight recklessly!
You are too injured to fight recklessly!
You are too injured to fight recklessly!
You are too injured to fight recklessly!
You are too injured to fight recklessly!
You are too injured to fight recklessly!
You are too injured to fight recklessly!
You are too injured to fight recklessly!
You are too injured to fight recklessly!
You are too injured to fight recklessly!
You are too injured to fight recklessly!
You are too injured to fight recklessly!
You closely miss the worker ant.
The worker ant is heavily wounded.
You feel sick.
The worker ant bites you but does no damage.
You hit the worker ant but do no damage.
The worker ant is heavily wounded.
You feel sick. The worker ant closely misses you.
You hit the worker ant. You bite the worker ant.
The worker ant is severely wounded.
You feel sick. The worker ant completely misses you. The worker ant bites you!
* * * LOW HITPOINT WARNING * * *
You are more poisoned.
The worker ant poisons you!
You closely miss the worker ant.
The worker ant is severely wounded.
* * * LOW HITPOINT WARNING * * *
You feel sick. The worker ant closely misses you.
You barely miss the worker ant.
You bite the worker ant, but do no damage.
The worker ant is severely wounded.
* * * LOW HITPOINT WARNING * * *
You feel sick. The worker ant barely misses you.
You hit the worker ant but do no damage.
The worker ant is severely wounded.
You die...

#....# #.# #.
#####....#####.#####.
.....................
####......#.#.####..
#........#....)..
###..)...######..
#....)..# #..
######.......# #.#
#..a@........# #.#
#.....######.# #.≈
#.....# #.# #.≈
#.....# #.# ##..
.......# #.# #...
..#.....# #.# #...
...#.....#
##.#####... ..
......# #..........
#..########


You could see a worker ant.

Vanquished Creatures
  4 dart slugs
  2 leopard geckos (D:1)
  A giant cockroach (D:2)
  3 goblins
  4 hobgoblins
  2 jackals (D:1)
  4 kobolds
  A frilled lizard (D:1)
  5 rats
26 creatures vanquished.

Notes
Turn   | Place    | Note
-------+----------+-------------------------------------------
     0 | D:1      | MisterOstroum the Vine Stalker Rogue began the quest for
                  | the Orb.
     0 | D:1      | Reached XP level 1. HP: 12/12 MP: 3/3
    21 | D:1      | Reached XP level 2. HP: 13/18 MP: 4/4
   448 | D:2      | Reached XP level 3. HP: 23/23 MP: 5/5
   655 | D:2      | Succumbed to a worker ant's poison

Skill      XL: |  1  2 |
---------------+-------+-----
Fighting       | 2 3 |  3.3
Short Blades   | |  1.7
Stealth        | |  5.8
Evocations     | |  1.7

Action                   || total
-------------------------++-------
Melee: Dagger            ||    72
       Bite              ||    11
 Stab: Sleeping          ||     6
Armor: Robe              ||    14
Dodge: Dodged            ||    33
